 Dungeon Crawl Stone Soup version 0.30.1-4-g462c640d31 (webtiles) character file.

Game seed: 8750598118700411068

131 Zeor the Magician (level 4, 0/26 HPs)
             Began as a Deep Elf Air Elementalist on Aug 21, 2023.
             Slain by Terence
             ... wielding a +0 mace
              (3 damage)
             ... on level 3 of the Dungeon.
             The game lasted 00:07:57 (2488 turns).

Zeor the Magician (Deep Elf Air Elementalist)       Turns: 2488, Time: 00:07:58

Health: 0/26       AC:  9    Str:  5    XL:     4   Next: 91%
Magic:  4/11       EV: 12    Int: 26    God:
Gold:   71         SH:  0    Dex: 17    Spells: 0/10 levels left

rFire   . . .        a - +0 dagger
rCold   . . .        (no shield)
rNeg    . . .        i - +0 leather armour
rPois   .            d - +2 helmet {SInv}
rElec   .            m - +0 cloak
rCorr   .            f - +1 pair of gloves
SInv    +            (no boots)
Will    .....        l - amulet of magic regeneration
Stlth   ++           e - +6 ring of intelligence
HPRegen 0.24/turn    (no ring)
MPRegen 0.52/turn

%: no passive effects
@: brilliant, swift, slowed, slow
A: no striking features
a: no special abilities


You were on level 3 of the Dungeon.
You visited 1 branch of the dungeon, and saw 3 of its levels.

You collected 71 gold pieces.

Inventory:

Hand Weapons
 a - a +0 dagger (weapon)
 h - a +0 long sword
Missiles
 k - 4 atropa-tipped darts
Armour
 d - a +2 helmet of see invisible (worn)
 f - a +1 pair of gloves (worn)
 i - a +0 leather armour (worn)
 m - a +0 cloak (worn)
Jewellery
 e - a +6 ring of intelligence (left hand)
 l - an amulet of magic regeneration (around neck)
Potions
 b - 2 potions of magic
 c - a potion of cancellation {unknown}
 j - a potion of might


   Skills:
 * Level 1.7 Fighting
 + Level 0.4 Armour
 + Level 2.8 Dodging
 + Level 2.8 Stealth
 + Level 3.8 Spellcasting
 + Level 2.5 Conjurations
 * Level 3.6 Air Magic


You couldn't memorise any spells.
You knew the following spells:

 Your Spells              Type           Power      Damage    Failure   Level
a - Airstrike             Air            17%        2d(3-19)  32%         4
d - Static Discharge      Conj/Air       62%        2-5/arc   6%          2
f - Swiftness             Air            35%        N/A       10%         3
s - Shock                 Conj/Air       100%       1d9       4%          1

Your spell library contained the following spells:

 Spells                   Type           Power      Damage    Failure   Level
 Summon Small Mammal      Summ           28%        N/A       14%         1
 Ensorcelled Hibernation  Hex/Ice        14%        N/A       22%         2
 Call Canine Familiar     Summ           7%         N/A       41%         3
 Spider Form              Tmut/Pois      7%         N/A       41%         3
 Summon Guardian Golem    Hex/Summ       7%         N/A       41%         3
 Anguish                  Hex/Necr       3%         N/A       82%         4
 Orb of Destruction       Conj           13%        9d7       100%        7
 Spellforged Servitor     Conj/Summ      8%         N/A       100%        7


Dungeon Overview and Level Annotations

Branches:
Dungeon (3/15)

Altars:
Nemelex Xobeh

Shops:
D:1 (

Annotations:
D:3 Terence


Message History

Natasha is struck by an arc of lightning.
Natasha is severely wounded.
The adder is struck by an arc of lightning.
You kill the adder!
You are struck by an arc of lightning.
The lightning grounds out.
Natasha closely misses you. The dart slug launches a dart at you.
The slug dart hits you but does no damage.
Natasha stares at you and mumbles some strange words.
The magic dart hits you.
Casting: Static Discharge (safe; 7% risk of failure)
Confirm with . or Enter, or press ? or * to list all spells.
Natasha is struck by an arc of lightning.
You kill Natasha!
Natasha yowls pathetically as she dies!
Terence is struck by an arc of lightning.
Terence is lightly wounded.
The dart slug launches a dart at you. The slug dart misses you.
Terence hits you with a +0 mace!
* * * LOW HITPOINT WARNING * * *
You feel clever all of a sudden. Terence misses you.
Casting: Static Discharge (safe; 6% risk of failure)
Confirm with . or Enter, or press ? or * to list all spells.
You feel a surge of power!
Terence is struck by an arc of lightning.
Terence is moderately wounded.
You are struck by an arc of lightning.
* * * LOW HITPOINT WARNING * * *
Terence is struck by an arc of lightning.
Terence is moderately wounded.
You are struck by an arc of lightning.
* * * LOW HITPOINT WARNING * * *
The lightning grounds out.
Terence closely misses you. x2
You aren't carrying any scrolls.
Casting: Static Discharge (safe; 6% risk of failure)
Confirm with . or Enter, or press ? or * to list all spells.
The spell is quite dangerous to miscast (10% risk of failure)!
Continue anyway?
You feel a surge of power!
You feel quick. Terence hits you with a +0 mace.
You die... ▒∙ ∙∙ ▒∙▒▒▒ ∙∙∙ ∙∙∙▒ ∙∙∙∙

▒▒∙▒▒▒▒ ∙∙∙∙▒▒▒▒▒▒
▒▒▒∙<∙∙∙∙ ∙∙∙∙∙∙∙∙∙▒
∙▒▒∙∙∙∙∙∙ ∙∙∙∙(∙∙∙∙▒
▒▒▒∙▒▒∙∙∙∙∙∙
∙∙)∙∙∙@∙∙▒▒▒▒∙∙∙∙∙∙∙∙∙∙∙
▒∙∙∙∙>e∙∙∙▒▒∙▒∙▒▒▒▒∙▒▒▒
∙∙∙∙)∙∙∙∙∙∙∙∙∙▒∙▒▒ ▒∙▒▒
▒▒∙∙∙∙∙∙∙▒▒▒▒∙∙∙∙▒▒▒∙∙▒▒
▒∙∙∙∙∙∙∙▒ ▒▒∙∙∙▒∙∙)∙∙∙
▒∙w∙∙∙∙∙▒ ▒∙∙∙▒∙∙∙∙∙∙
▒∙▒▒▒▒▒▒▒▒▒▒▒∙∙∙▒∙∙∙∙∙∙
∙∙∙ ∙∙∙∙∙∙∙∙∙∙∙∙∙∙∙∙†∙
∙∙ ▒▒▒▒▒▒▒▒▒▒▒▒▒∙∙∙∙▒
∙∙∙∙▒▒


You could see Terence and a dart slug.

Vanquished Creatures
  Jessica (D:3)
  Natasha (D:3)
  2 adders
  A worm (D:2)
  3 dart slugs (D:1)
  3 orcs (D:2)
  4 endoplasms
  3 giant cockroaches
  6 goblins
  A hobgoblin (D:1)
  3 quokkas (D:1)
  5 ball pythons
  10 bats
  5 frilled lizards
  4 kobolds
  A rat (D:1)
53 creatures vanquished.

Notes
Turn   | Place    | Note
-------+----------+-------------------------------------------
     0 | D:1      | Zeor the Deep Elf Air Elementalist began the quest for the
                  | Orb.
     0 | D:1      | Reached XP level 1. HP: 10/10 MP: 6/6
   332 | D:1      | Reached XP level 2. HP: 16/16 MP: 2/8
   392 | D:1      | Reached skill level 1 in Fighting
   702 | D:1      | Learned a level 2 spell: Static Discharge
   741 | D:1      | Reached XP level 3. HP: 20/20 MP: 6/9
   863 | D:1      | Found Onajus's Weapon Boutique.
  1639 | D:2      | Learned a level 3 spell: Swiftness
  1799 | D:2      | Found a faded altar of an unknown god.
  2188 | D:2      | Reached XP level 4. HP: 25/25 MP: 6/11
  2196 | D:2      | Learned a level 4 spell: Airstrike
  2337 | D:3      | Found a sparkling altar of Nemelex Xobeh.
  2473 | D:3      | Noticed Jessica
  2477 | D:3      | Noticed Natasha
  2480 | D:3      | Noticed Terence
  2482 | D:3      | Killed Jessica
  2485 | D:3      | Killed Natasha
  2488 | D:3      | Slain by Terence

Illustrated notes

Levels and vault maps discovered:
D:1:      minmay_arrival_five_plusses, layout_basic, serial_shops,
          nicolae_shop_real_fake_doors, minmay_vboxes
D:2:      layout_basic, hellmonk_ecumenical_altar_heavens_door
D:3:      layout_rooms, nemelex_altar_shiori, serial_park_tiny_1, uniq_natasha,
          uniq_jessica, uniq_terence

Skill      XL: |  1  2  3 |
---------------+----------+-----
Fighting       | 1 |  1.7
Conjurations   | 2 |  2.5
Armour         | |  0.4
Dodging        | |  2.8
Stealth        | |  2.8
Spellcasting   | |  3.8
Air Magic      | |  3.6

Action                     |  1- 3 |  4- 6 || total
---------------------------+-------+-------++-------
  Melee: Dagger            |    11 |     3 ||    14
   Cast: Shock             |    83 |    12 ||    95
         Static Discharge  |     5 |     5 ||    10
         Swiftness         |       |     1 ||     1
    Use: Scroll            |     9 |       ||     9
         Potion            |       |     1 ||     1
   Stab: Sleeping          |     1 |       ||     1
 Armour: Robe              |     1 |       ||     1
         Leather armour    |     6 |     2 ||     8
  Dodge: Dodged            |    10 |     9 ||    19
